 Dungeon Crawl Stone Soup version 0.18.1-8-gdd0e5ea (webtiles) character file.

8125 deorigin the Brawler (level 11, -1/96 HPs)
             Began as a Troll Monk on May 22, 2016.
             Was a High Priest of Okawaru.
             Slain by Snorg (19 damage)
             ... on level 10 of the Dungeon on May 23, 2016.
             The game lasted 00:26:33 (8654 turns).

deorigin the Brawler (Troll Monk)                   Turns: 8654, Time: 00:26:34

Health: -1/96      AC:  7    Str: 27    XL:     11   Next: 5%
Magic:  11/13      EV: 14    Int:  7    God:    Okawaru [*****.]
Gold:   283        SH:  0    Dex: 14    Spells: 0 memorised, 10 levels left

rFire  . . .     SeeInvis .       - Unarmed
rCold  . . .     Gourm    +     a - +0 robe
rNeg   . . .     Faith    .     (no shield)
rPois  .         Spirit   .     (helmet restricted)
rElec  .         Dismiss  .     T - +1 cloak
rCorr  .         Reflect  .     (gloves unavailable)
SustAt .         Harm     .     (boots unavailable)
MR     .....                    u - amulet of regeneration
Stlth  +++.......               r - ring of stealth
                                G - +6 ring of strength

@: heroism, not resistant to hostile enchantments, fairly stealthy
A: unfitting armour, claws 3, fast metabolism 3, gourmand, regeneration 2,
shaggy fur 1, tough skin 2
a: Heroism, Finesse, Renounce Religion


You were on level 10 of the Dungeon.
You worshipped Okawaru.
Okawaru was extremely pleased with you.
You were completely stuffed.

You visited 2 branches of the dungeon, and saw 11 of its levels.
You also visited: Ossuary.

You collected 723 gold pieces.
You spent 440 gold pieces at shops.

Inventory:

Hand Weapons
 g - a +0 giant spiked club
 L - a +0 blowgun
Missiles
 s - 4 javelins
 R - 11 large rocks (quivered)
 X - 8 poisoned needles
Armour
 a - a +0 robe (worn)
 T - a +1 cloak (worn)
Jewellery
 o - an uncursed ring of resist corrosion
 r - a ring of stealth (right claw)
 u - an amulet of regeneration (around neck)
 y - an uncursed ring of sustain attributes
 C - an uncursed ring of protection from cold
 G - a +6 ring of strength (left claw)
Wands
 O - a wand of hasting (4/9)
 P - a wand of iceblast (7/15)
Scrolls
 c - 6 scrolls of teleportation
 d - 2 scrolls of amnesia {unknown}
 j - 4 scrolls of remove curse
 m - 3 scrolls of enchant weapon {unknown}
 q - a scroll of blinking {unknown}
 t - a scroll of enchant armour
 A - 2 scrolls of fog
 E - 2 scrolls of recharging {unknown}
 F - a scroll of noise {unknown}
 J - a scroll of torment {unknown}
 K - 2 scrolls of vulnerability {unknown}
 N - a scroll of holy word {unknown}
 Q - a scroll of brand weapon {unknown}
 V - 4 scrolls of fear {unknown}
 Y - a scroll of random uselessness {unknown}
Potions
 e - 2 potions of flight
 f - 12 potions of curing
 h - a potion of might
 k - a potion of mutation {unknown}
 l - 5 potions of ambrosia
 p - a potion of cure mutation {unknown}
 v - 2 potions of degeneration
 w - a potion of brilliance
 x - 3 potions of heal wounds
 B - 3 potions of agility
 H - 2 potions of resistance
 S - 2 potions of berserk rage
 U - a potion of haste {unknown}
 W - 2 potions of cancellation {unknown}
Comestibles
 b - 10 bread rations
 i - 7 meat rations
 n - 2 slices of pizza
 z - 2 fruits
 D - a beef jerky
 I - a chunk of flesh


   Skills:
 * Level 2.7(7.7) Fighting
 - Level 3.8(8.8) Throwing
 + Level 2.9(7.9) Dodging
 - Level 1.1(6.1) Stealth
 + Level 15.1(20.1) Unarmed Combat
 - Level 4.7 Invocations


You had 10 spell levels left.
You didn't know any spells.

Dungeon Overview and Level Annotations

Branches:
Dungeon (10/15)            Temple (1/1) D:4            Lair (0/8) D:9
    Orc (0/2) D:9

Altars:
Ashenzari
Cheibriados
Dithmenos
Elyvilon
Fedhas
Gozag
Kikubaaqudgha
Makhleb
Nemelex Xobeh
Okawaru
Pakellas
Qazlal
Ru
Sif Muna
Trog
Vehumet
Xom
Yredelemnul
Zin
The Shining One
Lugonu

Shops:
D:9 !%[

Annotations:
D:6 1 runed door
D:10 Snorg


Innate Abilities, Weirdness & Mutations

You are too large for most types of armour.
You have claws for hands.
Your metabolism is lightning-fast.
You like to eat raw meat.
You heal very quickly.
You are covered in fur (AC +1).
You have very tough skin (AC +2).


Message History

Snorg is severely wounded.
Snorg bites you! Snorg claws you. Snorg claws you!
You scratch Snorg.
Snorg is severely wounded.
Snorg goes berserk!
You barely miss Snorg. Your claw misses Snorg.
Snorg is severely wounded.
You barely miss Snorg.
Snorg is severely wounded.
Snorg bites you but does no damage. Snorg barely misses you. x2
You claw Snorg!
Snorg is almost dead.
Snorg bites you!!
* * * LOW HITPOINT WARNING * * *
Snorg closely misses you. Snorg claws you.
* * * LOW HITPOINT WARNING * * *
You barely miss Snorg.
Snorg is almost dead.
Snorg closely misses you. Snorg claws you but does no damage. Snorg claws you!!
You die...

....... .....#.....#.....#
.............#.....#......
....... #....##....##.....
.......##....##....##.....
..................>....... #.
..........................
#...##....##.................
##'###....##'#####...........
#......<..##@...##..........#
#............T..##....##....#
#.).............##....##.....
#..........:..........#......
#.....................#......
#.....................+......
#...##########'####...##....#
#...##...###....#####'##.)!.#
#........#.......#...........


You could see Snorg (berserk).

Vanquished Creatures
  A hill giant (D:10)
  The ghost of georgeearnest the Ducker, a novice DrSk of Fedhas (D:10)
  Pikel (D:6)
  A cyclops (D:8)
  The ghost of oplop the Firebug, a novice OpFE (D:5)
  The ghost of ThereIsNoGod the Covert, a novice OpAs (Ossuary)
  A queen bee (D:10)
  A wyvern (D:5)
  A hungry ghost (D:8)
  A yak (D:9)
  A hippogriff (D:9)
  4 wargs (D:9)
  Duvessa (D:6)
  A water moccasin (D:9)
  2 orc warriors (D:9)
  An ice beast (D:10)
  2 sky beasts (D:6)
  A slave (D:6)
  2 phantoms
  An eye of draining (D:9)
  4 centaurs
  5 ogres
  Blork the orc (D:6)
  A big kobold (D:8)
  4 giant frogs
  Dowan (D:6)
  2 scorpions
  21 killer bees (D:10)
  4 wights (D:8)
  4 howler monkeys (D:9)
  3 crimson imps
  2 giant frog skeletons
  3 hounds
  A jelly (D:5)
  3 orc priests
  5 iguanas
  Ijyb (D:2)
  4 orc wizards
  5 worker ants
  A big kobold zombie (Ossuary)
  2 hound zombies
  A hound skeleton (D:9)
  4 mummies (Ossuary)
  A worker ant zombie (D:5)
  6 adders
  5 river rats (D:9)
  A shadow imp (D:5)
  An ooze (D:6)
  An adder zombie (Ossuary)
  4 worms
  A dart slug (D:1)
  6 giant geckos
  43 orcs
  14 bats
  3 giant cockroaches
  3 goblins
  2 hobgoblins (D:1)
  11 jackals
  7 kobolds
  2 quokkas
  3 ball pythons
  A giant gecko skeleton (D:4)
  3 giant newts
  3 gnoll zombies (Ossuary)
  2 goblin zombies
  A jackal skeleton (D:5)
  2 jackal zombies
  2 kobold zombies (Ossuary)
  A quokka skeleton (D:5)
  14 rats
  2 rat zombies (Ossuary)
253 creatures vanquished.

Vanquished Creatures (others)
  A troll (D:6)
  An ogre (D:6)
  A giant frog zombie (D:6)
  9 fungi (D:9)
12 creatures vanquished.

Grand Total: 265 creatures vanquished

Notes
Turn   | Place    | Note
--------------------------------------------------------------
     0 | D:1      | deorigin the Troll Monk began the quest for the Orb.
     0 | D:1      | Reached XP level 1. HP: 22/22 MP: 0/0
   302 | D:1      | Reached XP level 2. HP: 28/29 MP: 1/1
   849 | D:2      | Noticed Ijyb
   862 | D:2      | Killed Ijyb
   862 | D:2      | Reached skill level 5 in Unarmed Combat
   862 | D:2      | Reached XP level 3. HP: 36/36 MP: 2/2
   935 | D:2      | Found a stormy altar of Qazlal.
  1086 | D:2      | Found a burning altar of Makhleb.
  1112 | D:2      | Reached XP level 4. HP: 38/44 MP: 3/3
  1554 | D:3      | Found a blossoming altar of Fedhas.
  1673 | D:3      | Reached skill level 6 in Unarmed Combat
  1893 | D:3      | Found a white marble altar of Elyvilon.
  2144 | D:4      | Reached XP level 5. HP: 50/50 MP: 4/4
  2245 | D:4      | Found a staircase to the Ecumenical Temple.
  2377 | Temple   | Entered the Ecumenical Temple
  2403 | Temple   | Became a worshipper of Warmaster Okawaru
  2403 | Temple   | Reached * piety under Okawaru
  2403 | Temple   | Reached ** piety under Okawaru
  2677 | D:5      | Entered Level 5 of the Dungeon
  2946 | D:5      | Reached skill level 7 in Unarmed Combat
  3026 | D:5      | Reached XP level 6. HP: 59/59 MP: 5/5
  3043 | D:5      | Noticed oplop's ghost (novice OpFE)
  3216 | D:5      | Noticed a wyvern
  3231 | D:5      | Killed a wyvern
  3231 | D:5      | Reached skill level 8 in Unarmed Combat
  3231 | D:5      | Reached skill level 1 in Invocations
  3269 | D:5      | Reached XP level 7. HP: 52/66 MP: 5/7
  3383 | D:5      | Found a sand-covered staircase.
  3391 | Ossuary  | Entered an ossuary
  3397 | Ossuary  | Noticed ThereIsNoGod's ghost (novice OpAs)
  3460 | Ossuary  | Killed ThereIsNoGod's ghost
  3460 | Ossuary  | Reached *** piety under Okawaru
  3460 | Ossuary  | Reached skill level 9 in Unarmed Combat
  3797 | D:5      | Killed oplop's ghost
  3797 | D:5      | Reached skill level 10 in Unarmed Combat
  3797 | D:5      | Reached XP level 8. HP: 37/74 MP: 5/9
  3973 | D:6      | Found a snail-covered altar of Cheibriados.
  3986 | D:6      | Noticed an angel
  3987 | D:6      | Found a glowing golden altar of the Shining One.
  3988 | D:6      | Found a runed door.
  4013 | D:6      | Noticed Pikel
  4058 | D:6      | Killed Pikel
  4058 | D:6      | Reached **** piety under Okawaru
  4058 | D:6      | Reached skill level 11 in Unarmed Combat
  4153 | D:6      | Found an oddly glowing altar of Pakellas.
  4153 | D:6      | Noticed an orange crystal statue
  4154 | D:6      | Noticed a troll
  4182 | D:6      | Killed a troll
  4275 | D:6      | Noticed Blork the orc
  4276 | D:6      | Reached XP level 9. HP: 59/80 MP: 10/10
  4279 | D:6      | Killed Blork the orc
  4754 | D:6      | Found a glowing golden altar of the Shining One.
  4787 | D:6      | Noticed Duvessa
  4788 | D:6      | Noticed Dowan
  4798 | D:6      | Killed Duvessa
  4803 | D:6      | Killed Dowan
  4803 | D:6      | Reached skill level 12 in Unarmed Combat
  5133 | D:7      | Found a glowing silver altar of Zin.
  5150 | D:7      | You fall through a shaft for 2 floors!
  5201 | D:9      | Received a gift from Okawaru
  5238 | D:9      | Found a shadowy altar of Dithmenos.
  5272 | D:9      | Reached ***** piety under Okawaru
  5281 | D:9      | Reached skill level 1 in Throwing
  5281 | D:9      | Reached skill level 13 in Unarmed Combat
  5289 | D:9      | Found a staircase to the Orcish Mines.
  5515 | D:9      | Reached XP level 10. HP: 88/88 MP: 12/12
  5564 | D:8      | Got an ichor-stained great sword
  5578 | D:8      | Found a radiant altar of Vehumet.
  5648 | D:8      | Noticed a cyclops
  5658 | D:8      | Killed a cyclops
  5658 | D:8      | Received a gift from Okawaru
  5895 | D:7      | Found a sparkling altar of Nemelex Xobeh.
  6450 | D:7      | Found a radiant altar of Vehumet.
  6786 | D:8      | Found a sacrificial altar of Ru.
  7253 | D:9      | Reached skill level 14 in Unarmed Combat
  7365 | D:9      | Found a staircase to the Lair.
  7392 | D:9      | Found Ycoxoh's Distillery.
  7416 | D:9      | Found Echome Temip's Armour Shop.
  7438 | D:9      | Bought a +0 cloak for 58 gold pieces
  7454 | D:9      | Identified the +4 great sword "Mer Miet" {vamp, -Tele rN+ MR+} (You found it on level 8 of the Dungeon)
  7483 | D:9      | Bought a potion of curing for 42 gold pieces
  7483 | D:9      | Bought a potion of heal wounds for 70 gold pieces
  7485 | D:9      | Bought a potion of berserk rage for 70 gold pieces
  7548 | D:9      | Found Esaev's Food Shop.
  7591 | D:9      | Bought a meat ration for 50 gold pieces
  7591 | D:9      | Bought a bread ration for 50 gold pieces
  7591 | D:9      | Bought a bread ration for 50 gold pieces
  7591 | D:9      | Bought a meat ration for 50 gold pieces
  8052 | D:10     | Entered Level 10 of the Dungeon
  8412 | D:10     | Noticed georgeearnest's ghost (novice DrSk)
  8424 | D:10     | Killed georgeearnest's ghost
  8424 | D:10     | Received a gift from Okawaru
  8424 | D:10     | Reached skill level 15 in Unarmed Combat
  8528 | D:10     | Noticed a hill giant
  8536 | D:10     | Killed a hill giant
  8536 | D:10     | Reached XP level 11. HP: 96/96 MP: 11/13
  8635 | D:10     | Noticed Snorg
  8654 | D:10     | Slain by Snorg

Skill      XL: |  1  2  3  4  5  6  7  8  9 10 |
---------------+-------------------------------+-----
Unarmed Combat | 5 6 7 8 10 11 13 15 | 15.1
Invocations    | 1 3 4 |  4.7
Throwing       | 1 3 |  3.8
Fighting       | |  2.7
Dodging        | |  2.9
Stealth        | |  1.1

Action                   |  1- 3 |  4- 6 |  7- 9 | 10-12 || total
-------------------------+-------+-------+-------+-------++-------
Melee: Unarmed           |    74 |   153 |   217 |   306 ||   750
       Punch             |     1 |     6 |    13 |    12 ||    32
Throw: Large rock        |       |       |       |     3 ||     3
Invok: Heroism           |       |     1 |     2 |     8 ||    11
  Use: Scroll            |       |       |    10 |     5 ||    15
 Stab: Sleeping          |     2 |       |       |     2 ||     4
       Distracted        |       |       |       |     2 ||     2
  Eat: Chunk             |    14 |    21 |    21 |    36 ||    92
Armor: Robe              |    32 |    55 |    73 |    64 ||   224
Dodge: Dodged            |    49 |   100 |   114 |   175 ||   438
